 Dungeon Crawl Stone Soup version 0.24.1-11-gbbbb2193e6 (webtiles) character file.

Game seed: 18268445157823519036, levelgen mode: deterministic

11048 Peloso the Blocker (level 11, -11/84 HPs)
             Began as a Demonspawn Fighter on May 12, 2020.
             Was a High Priest of Okawaru.
             Killed from afar by Josephine (28 damage)
             ... with a ghostly fireball
             ... on level 13 of the Dungeon.
             The game lasted 00:24:31 (10052 turns).

Peloso the Blocker (Demonspawn Fighter)            Turns: 10052, Time: 00:24:32

Health: -11/84     AC: 15    Str: 20    XL:     11   Next: 44%
Magic:  11/12      EV:  9    Int:  9    God:    Okawaru [*****.]
Gold:   666        SH: 23    Dex: 13    Spells: 10/10 levels left

rFire    . . .     SeeInvis .   a - +1 falchion of the Priest {flame, +Inv rElec} (curse)
rCold    + . .     Gourm    +   c - +1 shield
rNeg     . . .     Faith    .   y - +0 plate armour
rPois    +         Spirit   .   (no helmet)
rElec    +         Reflect  .   (no cloak)
rCorr    .         Harm     .   (no gloves)
MR       +....                  (no boots)
Stlth    ..........             r - amulet of the gourmand
HPRegen  0.24/turn              j - ring of poison resistance
MPRegen  0.13/turn              u - ring of protection from magic

@: heroism, very slightly contaminated, drained
A: talons 1, large bone plates 3, cold resistance 1, demonic guardian 2,
freezing cloud immunity
a: Heroism, Finesse, Renounce Religion, Evoke Invisibility


You were on level 13 of the Dungeon.
You worshipped Okawaru.
Okawaru was extremely pleased with you.
You were full.

You visited 2 branches of the dungeon, and saw 13 of its levels.

You collected 666 gold pieces.

Inventory:

Hand Weapons
 a - the cursed +1 falchion of the Priest (weapon) {flame, +Inv rElec}
   (You found it on level 10 of the Dungeon)

   It has been specially enchanted to burn those struck by it, causing extra
   injury to most foes and up to half again as much damage against particularly
   susceptible opponents.
   Big, fiery blades are also staple armaments of hydra-hunters.
   It insulates you from electricity.
   It lets you turn invisible.
   It has a curse placed upon it.
 b - a +1 scimitar of flaming
 I - a +2 falchion of slicing
Armour
 c - a +1 shield (worn)
 l - a +0 chain mail
 y - a +0 plate armour (worn)
Jewellery
 d - an uncursed ring of see invisible
 j - a ring of poison resistance (left hand)
 n - a cursed ring of magical power
 r - an amulet of the gourmand (around neck)
 t - an uncursed ring of positive energy
 u - a ring of protection from magic (right hand)
 w - an uncursed ring of positive energy
Wands
 k - a wand of polymorph (3)
 p - a wand of flame (12)
 A - a wand of iceblast (21)
 F - a wand of digging (7)
Scrolls
 e - 11 scrolls of teleportation
 h - a scroll of blinking
 i - 4 scrolls of amnesia
 m - a scroll of noise
 q - a scroll of identify
 x - 3 scrolls of enchant weapon
 B - a scroll of magic mapping
 D - 2 scrolls of fog
 J - a scroll of fear {unknown}
 L - a scroll of enchant armour
Potions
 g - 4 potions of curing
 o - 3 potions of brilliance
 v - 5 potions of might
 z - a potion of berserk rage
 C - 3 potions of resistance
 E - a potion of haste
 G - a potion of flight {unknown}
 H - 2 potions of agility {unknown}
Miscellaneous
 K - a fan of gales
Comestibles
 f - 17 rations


   Skills:
 + Level 7.1(11.3) Fighting
 + Level 10.1(14.3) Long Blades
 + Level 6.8(11.0) Armour
 + Level 2.2(6.5) Dodging
 + Level 0.8(5.2) Stealth
 + Level 10.4(14.6) Shields
 + Level 1.4(0.9) Invocations


You had 10 spell levels left.
You didn't know any spells.
Your spell library was empty.

Dungeon Overview and Level Annotations

Branches:
Dungeon (11/15)            Temple (1/1) D:7            Lair (0/6) D:10
    Orc: D:9-12

Altars:
Ashenzari
Cheibriados
Fedhas
Gozag
Hepliaklqana
Kikubaaqudgha
Makhleb
Nemelex Xobeh
Okawaru
Ru
Sif Muna
Trog
Uskayaw
Vehumet
Yredelemnul
Zin

Shops:
D:7 %   D:8 =

Annotations:
D:3 3 runed translucent doors, letownia's ghost, weakling GnEE
D:13 Josephine


Innate Abilities, Weirdness & Mutations

You have sharp toenails.
You are completely covered in large bone plates. (SH +8)
Your flesh is cold resistant. (rC+)
A demonic guardian rushes to your aid.
You are immune to freezing clouds.


Message History

You closely miss the wraith.
The wraith is severely damaged.
You hit the wraith. You burn the wraith. Your kick misses the wraith.
The wraith is almost destroyed.
You block the wraith's attack.
You slash the wraith! You burn the wraith.
You destroy the wraith!
Okawaru accepts your kill.
A wraith and Josephine come into view.
Josephine is wielding a +3 dagger of electrocution.
Josephine shouts!
An ogre comes into view. It is wielding a +0 giant spiked club.
The ogre shouts!
A wraith comes into view.
Josephine points at you and mumbles some strange words.
The ghostly flame explodes!
The ghostly fireball engulfs your soul eater.
Your soul eater completely resists.
The ghostly fireball engulfs you!!
You feel drained.
You die...

#. ..# #. ..#
#. ..# #...#
#. ..# #...#
#. .># #...#
#. ..# #...#
#<####.$#
#...#
#.@.y†..#
#...#
#3.###y.#
#.... #..#
#..# #....
#..# #..#
#...5 #..#
#..# #..3.
#..#
#..#######....
#W@#
#.............
#WO#
#..........###
#>†#########


You could see Josephine, 2 wraiths, an ogre, 2 meliai and a friendly soul eater.

Vanquished Creatures
  Erolcha (D:9)
  A hydra (D:13)
  Erica (D:8)
  Pikel (D:8)
  2 trolls
  A hippogriff (D:9)
  2 hogs (D:9)
  Sigmund (D:2)
  2 yaks (D:10)
  A wraith (D:13)
  2 hungry ghosts
  A human (D:9)
  5 soldier ants (D:9)
  A water moccasin (D:9)
  An ice beast (D:8)
  2 sky beasts
  4 orc warriors
  A black bear (D:9)
  A phantom (D:9)
  An eye of draining (D:10)
  2 ogres
  A centaur (D:9)
  3 big kobolds
  3 bullfrogs
  A gnoll sergeant (D:10)
  2 wyvern skeletons
  A scorpion (D:5)
  4 wights
  7 killer bees
  A howler monkey (D:8)
  3 crimson imps
  4 jellies
  A bullfrog skeleton (D:4)
  7 hounds
  6 orc priests
  2 centaur skeletons
  9 orc wizards
  4 iguanas
  Terence (D:2)
  22 worker ants
  A worker ant zombie (D:10)
  5 gnolls (D:10)
  A howler monkey skeleton (D:4)
  12 adders
  A shadow imp (D:5)
  4 oozes
  An adder skeleton (D:9)
  4 worms
  A dart slug (D:3)
  6 leopard geckos
  45 orcs
  6 giant cockroaches
  7 goblins
  4 hobgoblins
  9 jackals
  4 quokkas
  2 ball pythons
  9 bats
  6 frilled lizards
  20 kobolds
  2 leopard gecko zombies
  18 rats
284 creatures vanquished.

Vanquished Creatures (collateral kills)
  2 two-headed ogres (D:10)
  A queen ant (D:9)
  A troll (D:10)
  A wyvern (D:10)
  A wraith (D:10)
  A yak (D:10)
  2 hogs (D:9)
  2 soldier ants (D:9)
  2 ice beasts
  A sky beast (D:5)
  2 slaves (D:8)
  2 phantoms
  A centaur (D:8)
  An ogre (D:5)
  8 worker ants (D:9)
  2 adders
  An adder skeleton (D:5)
  2 orcs
  A goblin (D:2)
  A hobgoblin (D:3)
  3 jackals (D:10)
  3 kobolds (D:7)
41 creatures vanquished.

Vanquished Creatures (others)
  2 orc wizards
2 creatures vanquished.

Grand Total: 327 creatures vanquished

Notes
Turn   | Place    | Note
-------+----------+-------------------------------------------
     0 | D:1      | Peloso the Demonspawn Fighter began the quest for the Orb.
     0 | D:1      | Reached XP level 1. HP: 18/18 MP: 1/1
   339 | D:1      | Gained mutation: Your flesh is cold resistant. (rC+)
                  | [demonic ancestry]
   339 | D:1      | Reached XP level 2. HP: 22/24 MP: 2/2
  1256 | D:2      | Gained mutation: You are partially covered in large bone
                  | plates. (SH +4) [demonic ancestry]
  1256 | D:2      | Reached XP level 3. HP: 16/29 MP: 3/3
  1371 | D:2      | You fall into a shaft and drop 2 floors!
  1416 | D:4      | Gained mutation: A weak demonic guardian rushes to your
                  | aid. [demonic ancestry]
  1416 | D:4      | Reached XP level 4. HP: 23/35 MP: 4/4
  1618 | D:4      | Reached skill level 1 in Dodging
  1694 | D:4      | Gained mutation: You have sharp toenails. [demonic
                  | ancestry]
  1694 | D:4      | Reached XP level 5. HP: 37/41 MP: 5/5
  1718 | D:3      | Found a runed translucent gate.
  1718 | D:3      | Found a runed translucent gate.
  1720 | D:3      | Found a runed translucent gate.
  1722 | D:3      | Noticed letownia's ghost (weakling GnEE)
  2222 | D:2      | Noticed Terence
  2229 | D:2      | Killed Terence
  2467 | D:2      | Found a faded altar of an unknown god.
  2479 | D:2      | Noticed Sigmund
  2487 | D:2      | Killed Sigmund
  2487 | D:2      | Gained mutation: You are mostly covered in large bone
                  | plates. (SH +6) [demonic ancestry]
  2487 | D:2      | Reached XP level 6. HP: 48/48 MP: 6/6
  3191 | D:3      | Gained mutation: A demonic guardian rushes to your aid.
                  | [demonic ancestry]
  3191 | D:3      | Reached XP level 7. HP: 48/53 MP: 7/7
  3405 | D:3      | Found a glowing silver altar of Zin.
  3406 | D:3      | Noticed an angel
  4045 | D:4      | Found a blossoming altar of Fedhas.
  4220 | D:5      | Entered Level 5 of the Dungeon
  4224 | D:5      | Reached skill level 5 in Shields
  4435 | D:5      | Found a radiant altar of Vehumet.
  4671 | D:5      | Reached skill level 5 in Long Blades
  4671 | D:5      | Gained mutation: You are immune to freezing clouds.
                  | [demonic ancestry]
  4671 | D:5      | Reached XP level 8. HP: 56/60 MP: 8/8
  5853 | D:7      | Found a sparkling altar of Nemelex Xobeh.
  6009 | D:7      | Found an opulent altar of Gozag.
  6020 | D:7      | Found a basalt altar of Yredelemnul.
  6039 | D:7      | Found a sacrificial altar of Ru.
  6169 | D:7      | Found Evigais's Food Shop.
  6176 | D:7      | Found a staircase to the Ecumenical Temple.
  6236 | Temple   | Entered the Ecumenical Temple
  6260 | Temple   | Became a worshipper of Warmaster Okawaru
  6391 | D:7      | Reached skill level 5 in Armour
  6415 | D:7      | Found an ancient bone altar of Kikubaaqudgha.
  6681 | D:8      | Reached * piety under Okawaru
  6681 | D:8      | Reached XP level 9. HP: 59/66 MP: 9/9
  6726 | D:8      | Noticed Erica
  6762 | D:8      | Killed Erica
  6762 | D:8      | Reached ** piety under Okawaru
  6762 | D:8      | Reached skill level 5 in Fighting
  6802 | D:8      | Noticed Pikel
  6814 | D:8      | Killed Pikel
  6880 | D:8      | Found Ocloed's Jewellery Boutique.
  7177 | D:8      | Noticed a moth of wrath
  7180 | D:8      | Found a bloodstained altar of Trog.
  7206 | D:8      | Reached *** piety under Okawaru
  7607 | D:9      | Reached XP level 10. HP: 69/76 MP: 10/10
  7870 | D:9      | Noticed Erolcha
  7881 | D:9      | Killed Erolcha
  7881 | D:9      | Reached **** piety under Okawaru
  8124 | D:9      | Noticed a queen ant
  8175 | D:9      | Reached skill level 1 in Invocations
  8387 | D:9      | Killed a queen ant
  8412 | D:9      | Reached ***** piety under Okawaru
  8478 | D:10     | Entered Level 10 of the Dungeon
  8502 | D:10     | Got a pitted falchion
  8506 | D:10     | Identified the cursed +1 falchion of the Priest {flame,
                  | +Inv rElec} (You found it on level 10 of the Dungeon)
  8699 | D:10     | Found a staircase to the Lair.
  8970 | D:10     | Gained mutation: You are completely covered in large bone
                  | plates. (SH +8) [demonic ancestry]
  8970 | D:10     | Reached XP level 11. HP: 83/83 MP: 11/11
  9087 | D:10     | Noticed a two-headed ogre
  9089 | D:10     | Noticed a two-headed ogre
  9097 | D:10     | Killed a two-headed ogre
  9097 | D:10     | Received a gift from Okawaru
  9100 | D:10     | Killed a two-headed ogre
  9713 | D:11     | Reached skill level 10 in Shields
  9798 | D:11     | Reached skill level 10 in Long Blades
  9956 | D:11     | You fall into a shaft and drop 2 floors!
 10030 | D:13     | Noticed a four-headed hydra
 10038 | D:13     | Killed a one-headed hydra
 10051 | D:13     | Noticed Josephine
 10052 | D:13     | Killed from afar by Josephine

Levels and vault maps discovered:
D:1:      onia_arrival_larder, layout_basic, hangedman_decor_push
D:2:      kb_forest_paths, layout_basic, chequers_ecumenical_altar_simple_redux,
          first_ration, kennysheep_generic_room_16, uniq_terence, uniq_sigmund
D:3:      layout_loops_ring, zin_angel, gammafunk_ghost_split
D:4:      layout_loops_ring, lemuel_doored_altar
D:5:      layout_loops_ring, vehumet_crystals
D:6:      layout_basic, nicolae_benzene_ring
D:7:      layout_loops_ring, nicolae_ru_great_annihilating_truth,
          lemuel_round_altar, nemelex_xobeh_ov_fountains_minmay, minitemple,
          minmay_temple_entry_junction, serial_shops, shop
D:8:      layout_cave_pools, tgw_trog, serial_shops,
          nicolae_shop_temple_entry_statues_fountains, uniq_pikel, uniq_erica
D:9:      layout_grid_maze, grunt_livestock, zaba_antful_of_joy, uniq_erolcha
D:10:     layout_stronghold, lair_entry_dummy, lemuel_flamethrower_1
D:11:     layout_loops_ring, orc_0_dummy
D:13:     emtedronai_trogs_sanctum, layout_long_grid, erik_vaults_2,
          hangedman_abyss_or_decor_slice, uniq_josephine, uniq_rupert
Temple:   dshaligram_water_room_temple

Skill      XL: |  1  2  3  4  5  6  7  8  9 10 11 |
---------------+----------------------------------+-----
Long Blades    | 2 3 4 5 6 8 9 10 | 10.1
Shields        | 3 4 5 6 7 9 10 | 10.4
Armour         | 3 4 5 6 |  6.8
Dodging        | 1 2 |  2.2
Fighting       | 4 5 6 7 |  7.1
Invocations    | 1 |  1.4
Stealth        | |  0.8

Action                   |  1- 3 |  4- 6 |  7- 9 | 10-12 || total
-------------------------+-------+-------+-------+-------++-------
Melee: Long sword        |    75 |   200 |   420 |       ||   695
       Kick              |       |    41 |   137 |   137 ||   315
       Scimitar          |       |       |   130 |   151 ||   281
       Falchion          |       |       |       |   239 ||   239
Invok: Heroism           |       |       |     1 |     8 ||     9
  Use: Scroll            |     2 |     5 |     6 |    10 ||    23
       Potion            |       |     2 |     2 |     1 ||     5
 Stab: Paralysed         |       |       |     1 |       ||     1
       Distracted        |       |       |       |     1 ||     1
  Eat: Chunk             |     1 |     7 |    28 |     8 ||    44
Armor: Scale mail        |    43 |     9 |       |       ||    52
       Chain mail        |       |    88 |   117 |       ||   205
       Plate armour      |       |       |   111 |    85 ||   196
Dodge: Dodged            |    20 |    49 |    63 |    58 ||   190
Block: Shield            |    46 |   151 |   506 |   382 ||  1085
       Rpst.: Long sword |     5 |    21 |    11 |       ||    37
       Scimitar          |       |       |     6 |     8 ||    14
       Falchion          |       |       |       |    11 ||    11
